Map: Abyssal Reef LE

Players

gumiho - Winner!

  • Race: Terran Terran
  • Spawn Location: 11:00

LiquidClem (Clem)

  • Race: Protoss Protoss
  • League: Grandmaster
  • Spawn Location: 5:00

Event: HomeStory Cup XXVI

VOD

Have the link to the VOD?

Description

Time

  • Played on: Dec. 1, 2024, 6:48 p.m.
  • Length: 8:44

All games in this series

Show
View Real Time Build Order
Export as new Build Order

gumiho Terran - Winner!

Build Orders: Cyclone Opening 

Get SALT Encoding   

  12  0:00  SCV  
  13  0:12  SCV  
  14  0:17  Supply Depot  
  14  0:24  SCV  
  15  0:38  SCV  
  15  0:39  Barracks  
  16  0:43  Refinery  
  16  0:50  SCV  
  16  0:53  Refinery  
  17  1:02  SCV  
  18  1:14  SCV  
  19  1:26  Orbital Command, Reaper  
  19  1:29  Supply Depot  
  20  1:43  Factory  
  20  1:52  SCV  
  21  1:58  Barracks Reactor  
  21  2:04  SCV  
  22  2:18  Command Center  
  22  2:21  SCV  
  23  2:33  Starport, Factory Tech Lab  
  23  2:34  SCV  
  24  2:39  Marine  
  24  2:40  Marine  
  26  2:50  SCV  
  27  2:54  Cyclone  
  30  2:59  Marine  
  31  3:05  Marine  
  31  3:09  Medivac  
  31  3:10  SCV  
  36  3:25  Marine  
  36  3:26  Siege Tank  
  39  3:30  Marine  
  39  3:31  SCV  
  41  3:40  Viking  
  43  3:45  Marine  
  44  3:49  Supply Depot  
  44  4:00  Siege Tank  
  47  4:08  Orbital Command  
  47  4:10  Marine  
  47  4:14  Marine  
  48  4:28  Marine  
  49  4:31  Marine  
  49  4:36  SCV  
  51  4:46  Marine  
  51  4:49  Marine  
  51  4:50  Siege Tank  
  56  4:58  SCV, Viking  
  59  5:04  Marine  
  57  5:07  Marine  
  55  5:15  SCV  
  55  5:17  SCV  
  55  5:22  Marine  
Show
View Real Time Build Order
Export as new Build Order

LiquidClem Protoss 

Build Orders: 1 Gate Expand, Blink Stalkers 

Get SALT Encoding   

  12  0:00  Probe  
  13  0:12  Probe  
  14  0:16  Pylon  
  14  0:22  Probe  
  15  0:30  Probe  
  16  0:36  Gateway  
  16  0:39  Probe  
  16  0:45  Assimilator  
  17  0:51  Probe  
  18  1:03  Probe  
  19  1:15  Probe  
  20  1:22  Cybernetics Core  
  20  1:31  Nexus  
  20  1:35  Probe  
  21  1:42  Pylon  
  22  1:47  Probe  
  22  1:49  Assimilator  
  22  1:50  Adept  
  22  1:59  Probe  
  25  2:01  Warp Gate  
  25  2:10  Adept  
  25  2:11  Probe  
  28  2:23  Probe  
  28  2:28  Twilight Council  
  29  2:35  Probe  
  30  2:39  Probe  
  30  2:40  Stalker  
  33  2:47  Blink, Probe x2  
  34  2:58  Gateway, Probe  
  35  2:59  Probe  
  37  3:10  Probe  
  37  3:11  Probe  
  39  3:21  Robotics Facility  
  39  3:22  Probe  
  39  3:23  Probe  
  41  3:27  Pylon  
  41  3:34  Probe  
  41  3:37  Gateway  
  41  3:40  Probe  
  43  3:46  Probe  
  44  3:50  Stalker  
  44  3:53  Probe  
  47  3:55  Stalker  
  47  3:56  Pylon  
  49  4:11  Nexus  
  49  4:14  Stalker  
  49  4:18  Observer  
  49  4:22  Stalker  
  52  4:26  Assimilator  
  52  4:29  Pylon  
  52  4:31  Stalker  
  54  4:38  Stalker  
  54  4:39  Probe  
  54  4:40  Probe  
  57  4:49  Gateway  
  57  4:51  Probe  
  58  4:53  Probe  
  47  5:02  Stalker x2, Probe  
  47  5:05  Probe  
  52  5:10  Probe  
  31  5:17  Probe  
  31  5:18  Probe  
  33  5:29  Probe  
  33  5:30  Probe  
  33  5:42  Probe  
Tags
 
Add a new tag
Caveats
  • Supply blocks, unpowered buildings, or Contaminate may cause inaccurate times.
  • Supply counts are checked every 10 seconds.